 Dungeon Crawl Stone Soup version 0.28-a0-95-g65e1ffefe4 (webtiles) character file.

Game seed: 12611346105443851278

22 Ezendos the Skirmisher (level 2, -1/32 HPs)
             Began as an Ogre Transmuter on Aug 8, 2021.
             Was a Follower of Cheibriados.
             Killed by divine providence
             ... invoked by an orc priest
              (11 damage)
             ... on level 2 of the Dungeon.
             The game lasted 00:01:03 (1137 turns).

Ezendos the Skirmisher (Ogre Transmuter)            Turns: 1137, Time: 00:01:04

Health: -1/32      AC:  3    Str: 16    XL:     2   Next: 91%
Magic:  4/5        EV: 10    Int: 17    God:    Cheibriados [*.....]
Gold:   50         SH:  0    Dex: 12    Spells: 4/5 levels left

rFire   . . .      SeeInvis .     - Unarmed
rCold   . . .      Faith    .   (no shield)
rNeg    . . .      Spirit   .   a - +0 robe
rPois   .          Reflect  .   (helmet currently unavailable)
rElec   .          Harm     .   (no cloak)
rCorr   .          Rampage  .   (gloves unavailable)
Will    .....                   (boots unavailable)
Stlth   +.........              (no amulet)
HPRegen 0.10/turn               (no ring)
MPRegen 0.09/turn               (no ring)

@: appendages, very slow
A: horns 2, talons 2, large, unfitting armour, tough skin 1
a: End Transformation, Renounce Religion, Bend Time


You were on level 2 of the Dungeon.
You worshipped Cheibriados.
Cheibriados was aware of your devotion.
You had temporarily grown beastly horns and talons.
You visited 1 branch of the dungeon, and saw 2 of its levels.

You collected 50 gold pieces.

Inventory:

Armour
 a - a +0 robe (worn)
Scrolls
 b - a scroll of enchant armour {unknown}
 d - 2 scrolls of teleportation {unknown}
 e - a scroll of amnesia {unknown}
Potions
 c - a potion of curing {unknown}


   Skills:
 + Level 3.7 Fighting
 - Level 1.7 Dodging
 - Level 2.6 Unarmed Combat
 - Level 2.4 Spellcasting
 - Level 1.7 Transmutations


You had 4 spell levels left.
You knew the following spells:

 Your Spells              Type           Power      Damage    Failure   Level
a - Beastly Appendage     Tmut           16%        N/A       9%          1

Your spell library contained the following spells:

 Spells                   Type           Power      Damage    Failure   Level
 Wereblood                Tmut           8%         N/A       14%         2
 Freeze                   Ice            8%         1d3       19%         1
 Spider Form              Tmut/Pois      2%         N/A       36%         3
 Frozen Ramparts          Ice            4%         1d2       50%         3
 Ice Form                 Ice/Tmut       5%         N/A       78%         4
 Hailstorm                Conj/Ice       2%         3d3       88%         4


Dungeon Overview and Level Annotations

Branches:
Dungeon (2/15)

Altars:
Cheibriados
The Shining One


Innate Abilities, Weirdness & Mutations

You have temporarily grown beastly horns and talons.
You are too large for most types of armour.
You have tough skin. (AC +1)


Message History

Casting: Beastly Appendage (safe; 9% risk of failure)
Confirm with . or Enter, or press ? or * to list all spells.
You grow a pair of large bovine horns.
Your feet morph into talons.
The bat hits you but does no damage.
You barely miss the quokka.
The orc priest shouts!
You claw the quokka.
The quokka is moderately wounded.
The quokka barely misses you.
You hit the quokka but do no damage.
The quokka is moderately wounded.
The quokka bites you.
You hit the quokka. You headbutt the quokka.
You kill the quokka!
Cheibriados appreciates the change of pace.
The bat hits you but does no damage.
You hit the bat but do no damage. Your kick misses the bat.
The bat barely misses you.
Your transformation is almost over.
The bat hits you but does no damage. The bat hits you.
The orc priest invokes the aid of Beogh against you.
Pain shoots through your body!
You are too injured to fight recklessly!
Casting: Beastly Appendage (safe; 9% risk of failure)
Confirm with . or Enter, or press ? or * to list all spells.
You extend your transformation's duration.
The bat hits you but does no damage. The orc priest barely misses you.
The orc hits you with a +0 whip.
You hit the orc priest.
The orc priest is lightly wounded.
The orc hits you but does no damage. The bat hits you but does no damage.
The orc priest invokes the aid of Beogh against you.
Pain shoots through your body! The orc hits you with a +0 whip.
You hit the orc priest. You headbutt the orc priest!
The orc priest is severely wounded.
The bat hits you. The orc closely misses you.
The orc priest invokes the aid of Beogh against you.
Beogh smites you!
You die...

## .. ##.
#####..
.......
#.....#####
##....o..b.#.#
#.....o@.....#
#...#+#o#..###
# #.#.# .#
####...# .#
#....### # #
#....#
...#....##
#........#.##
#.#.#....#..


You could see an orc priest, 2 orcs and a bat.

Vanquished Creatures
  A ball python (D:1)
  An endoplasm (D:1)
  A goblin (D:1)
  5 hobgoblins (D:1)
  2 jackals (D:1)
  2 kobolds (D:1)
  A quokka (D:2)
  2 bats
  2 frilled lizards (D:1)
  A rat (D:1)
18 creatures vanquished.

Notes
Turn   | Place    | Note
-------+----------+-------------------------------------------
     0 | D:1      | Ezendos the Ogre Transmuter began the quest for the Orb.
     0 | D:1      | Reached XP level 1. HP: 19/19 MP: 3/3
    81 | D:1      | Reached skill level 2 in Fighting
   213 | D:1      | Reached XP level 2. HP: 24/29 MP: 3/5
   365 | D:1      | Reached skill level 3 in Fighting
   692 | D:1      | Found a faded altar of an unknown god.
   739 | D:1      | Became a worshipper of Cheibriados the Contemplative
   739 | D:1      | Reached * piety under Cheibriados
  1004 | D:2      | Found a glowing golden altar of the Shining One.
  1137 | D:2      | Killed from afar by an orc priest

Illustrated notes

Levels and vault maps discovered:
D:1:      evilmike_arrival_come_back, layout_basic, basic_ecumenical_altar
D:2:      layout_basic, basic_altar, minmay_pentomino_r2, uniq_jessica,
          uniq_natasha

Skill      XL: |  1  2 |
---------------+-------+-----
Fighting       | 2 3 |  3.7
Dodging        | |  1.7
Unarmed Combat | |  2.6
Spellcasting   | |  2.4
Transmutations | |  1.7

Action                   || total
-------------------------++-------
Melee: Unarmed           ||    64
       Kick              ||     8
       Headbutt          ||     4
 Cast: Beastly Appendage ||    15
Armor: Robe              ||    30
Dodge: Dodged            ||    54

Table legend: (Time is in decaauts)
 A = Elapsed time spent in this place.
 B = Non-inter-level travel time spent in this place.
 C = Inter-level travel time spent in this place.
 D = Time resting spent in this place.
 E = Time spent auto-exploring this place.
 F = Levels seen in this place.
 G = Mean time per level.
                   A        B        C        D        E       F      G
               +--------+--------+--------+--------+--------+-----+--------+
         Total |   1253 |   1165 |     88 |      0 |    994 |   2 |  626.5 |
       Dungeon |   1253 |   1165 |     88 |      0 |    994 |   2 |  626.5 |
               +--------+--------+--------+--------+--------+-----+--------+

Top non-repeatable levels by time:
     D:1: 1041 daAuts
     D:2: 211 daAuts
